Kradschützen Motorcycle Team
Selects Italian Combined Arms Battlegroup
Selects Bersaglieri Squad
Construct Light Support Kompanie
Selects Vehicle Support - Secure Location
Panzerjäger Mechanized Group
Construct Panzerarmee Kommand
Selects Breda Model 30 Light Machine Guns
Selects Semovente da 75/18 Assault Gun
Selects Carro Armato M13/40 Light Tank
Carro Armato M13/40 Light Tank
Carro Armato M13/40 Light Tank